 Dungeon Crawl Stone Soup version 0.21.1-1-g345015f (webtiles) character file.

14 tidbits the Charmwright (level 2, 21/26 HPs)
             Began as a Gnoll Skald on June 22, 2018.
             Quit the game on level 2 of the Dungeon.
             The game lasted 00:01:30 (162 turns).

tidbits the Charmwright (Gnoll Skald)                Turns: 162, Time: 00:01:31

Health: 21/26      AC:  4    Str: 13    XL:     2   Next: 45%
Magic:  0/7        EV: 14    Int: 15    God:
Gold:   21         SH:  0    Dex: 14    Spells: 5/10 levels left

rFire    + . .     SeeInvis .   a - +0 hand axe
rCold    . . .     Gourm    .   (no shield)
rNeg     . . .     Faith    .   b - +0 leather armour
rPois    .         Spirit   +   (no helmet)
rElec    .         Reflect  .   (no cloak)
rCorr    .         Harm     .   G - +0 pair of gloves
MR       .....                  (no boots)
Stlth    +.........             j - amulet of guardian spirit
HPRegen  0.08/turn              g - ring of protection from fire
MPRegen  0.10/turn              (no ring)

@: no status effects
A: distributed training, fangs 1, strong nose
a: no special abilities


You were on level 2 of the Dungeon.
You were not hungry.

You visited 1 branch of the dungeon, and saw 3 of its levels.

You collected 21 gold pieces.

Inventory:

Hand Weapons
 a - a +0 hand axe (weapon)
Armour
 b - a +0 leather armour (worn)
 f - a +0 ring mail
 G - a +0 pair of gloves (worn)
Jewellery
 g - a ring of protection from fire (left hand)
   (You found it on level 2 of the Dungeon)
 j - an amulet of guardian spirit (around neck)
   (You found it on level 2 of the Dungeon)
Scrolls
 h - a scroll of remove curse {unknown}
 i - a scroll of fog {unknown}
Potions
 e - 2 potions of lignification {unknown}
Books
 c - a book of Battle

   Spells                             Type                      Level
   a - Infusion                       Charms                       1
   b - Shroud of Golubria             Charms/Translocation         2
   c - Song of Slaying                Charms                       2
   d - Spectral Weapon                Hexes/Charms                 3
   e - Regeneration                   Charms/Necromancy            3
Comestibles
 d - a ration


   Skills:
 + Level 4.5 Fighting
 + Level 0.4 Short Blades
 + Level 0.4 Long Blades
 + Level 4.5 Axes
 + Level 0.4 Maces & Flails
 + Level 0.4 Polearms
 + Level 0.4 Staves
 + Level 0.4 Slings
 + Level 0.4 Bows
 + Level 0.4 Crossbows
 + Level 0.4 Throwing
 + Level 2.5 Armour
 + Level 4.5 Dodging
 + Level 0.4 Stealth
 + Level 0.4 Shields
 + Level 0.4 Unarmed Combat
 + Level 4.9 Spellcasting
 + Level 0.2 Conjurations
 + Level 0.2 Hexes
 + Level 5.3 Charms
 + Level 0.2 Summonings
 + Level 0.2 Necromancy
 + Level 0.2 Translocations
 + Level 0.2 Transmutations
 + Level 0.2 Fire Magic
 + Level 0.2 Ice Magic
 + Level 0.2 Air Magic
 + Level 0.2 Earth Magic
 + Level 0.2 Poison Magic
 + Level 0.5 Invocations
 + Level 0.4 Evocations


You had 5 spell levels left.
You knew the following spells:

 Your Spells              Type           Power        Failure   Level  Hunger
g - Shroud of Golubria    Chrm/Tloc      ##........   10%         2    ##.....
i - Infusion              Chrm           ###.         2%          1    None
y - Song of Slaying       Chrm           ###.....     3%          2    ##.....


Dungeon Overview and Level Annotations

Branches:
Dungeon (3/15)

Altars:
Nemelex Xobeh


Innate Abilities, Weirdness & Mutations

Your experience applies equally to all skills.
You have very sharp teeth.
Your uncanny sense of smell can sniff out nearby items.


Message History

The worm bites you but does no damage.
You hit the worm.
The worm is heavily wounded.
The worm closely misses you.
You hit the worm.
The worm is severely wounded.
You slash the worm!
You kill the worm!
You have reached level 2!
Memorise Song of Slaying, consuming 2 spell levels and leaving 7?
You start memorising the spell.
You continue memorising. x2
You finish memorising.
Spell assigned to 'y'.
Memorise Shroud of Golubria, consuming 2 spell levels and leaving 5?
You start memorising the spell.
You continue memorising. x2
You finish memorising.
Spell assigned to 'g'.
You see here a worm corpse.
You see here a steel ring.
g - a steel ring Put on which piece of jewellery? (? for menu, Esc to quit)
g - a ring of protection from fire (left hand)
You see here a scroll labeled JAMABE UKUAGRON.
h - a scroll labeled JAMABE UKUAGRON
Found a scroll labeled DAIM MUNINO.
Found 15 stones.
Your magical infusion is running out.
Found a centaur barding.
A goblin comes into view. It is wielding a club.
You see here a scroll labeled DAIM MUNINO.
i - a scroll labeled DAIM MUNINO The goblin moves out of view.
A hobgoblin comes into view. It is wielding a club.
Unknown command.
Casting: Infusion
Confirm with . or Enter, or press ? or * to list all spells.
You start singing a song of slaying.
The hobgoblin shouts!
You are no longer magically infusing your attacks.
Found 23 stones.
You closely miss the goblin. The goblin barely misses you.
You hit the goblin.
The goblin is heavily wounded.
The goblin closely misses you.
You closely miss the hobgoblin. You miss the goblin.
The hobgoblin closely misses you. The goblin closely misses you.
You closely miss the goblin.
The goblin is moderately wounded.
You hit the hobgoblin. The hobgoblin closely misses you.
The goblin hits you but does no damage.
You hit the goblin.
You kill the goblin!
You hit the hobgoblin. The hobgoblin hits you with a club.
You hit the hobgoblin.
You kill the hobgoblin!
Things that are here:
a club; a goblin corpse You hear a shout!
A goblin comes into view. It is wielding a club.
The goblin shouts!
You hit the giant cockroach but do no damage.
The giant cockroach bites you.
You hit the giant cockroach but do no damage.
You bite the giant cockroach, but do no damage.
The giant cockroach bites you.
You hit the giant cockroach but do no damage.
You bite the giant cockroach.
The giant cockroach is severely wounded.
Your song is almost over.
The giant cockroach bites you but does no damage. x2
You closely miss the giant cockroach.
The giant cockroach is severely wounded.
The giant cockroach misses you.
You hit the giant cockroach but do no damage.
The giant cockroach is severely wounded.
The giant cockroach bites you.
You completely miss the giant cockroach.
The giant cockroach is severely wounded.
The giant cockroach completely misses you.
You completely miss the giant cockroach.
The giant cockroach is severely wounded.
The giant cockroach barely misses you. The giant cockroach bites you.
You hit the giant cockroach.
You kill the giant cockroach!
Your song has ended.
You closely miss the goblin. The goblin misses you.
You completely miss the goblin. The goblin closely misses you.
You closely miss the goblin. The goblin hits you but does no damage.
You slash the goblin!
You kill the goblin!
Things that are here:
a club; a giant cockroach corpse
Found a scroll labeled ZOMUAS XIEKH.
Found a large bronze amulet.
You see here a large bronze amulet.
j - a large bronze amulet Put on which piece of jewellery? (? for menu, Esc to quit)
You don't have any such object.
Put on which piece of jewellery? (? for menu, Esc to quit)
You feel your power drawn to a protective spirit.
j - an amulet of guardian spirit (around neck) Are you sure you want to abandon this character and quit the game? (Confirm with "yes".)

....# #(........#
.#..(#...#......#
.##..#..##......#
.####### #......# .##..#
#.###### .#...#
#.)....######
....###....####......#
..†#####...####......#.#
#.........##....@......#
###..........#.........#
..........## #......?..#
#####>..#..............#
###### ####.......##
##.....## ##...## ####


There were no monsters in sight!

Vanquished Creatures
  A worm (D:2)
  A leopard gecko (D:2)
  An orc (D:3)
  A giant cockroach (D:2)
  2 goblins (D:2)
  2 hobgoblins (D:2)
8 creatures vanquished.

Notes
Turn   | Place    | Note
-------+----------+-------------------------------------------
     0 | D:1      | tidbits the Gnoll Skald began the quest for the Orb.
     0 | D:1      | Reached XP level 1. HP: 20/20 MP: 6/6
    19 | D:2      | Found a sparkling altar of Nemelex Xobeh.
    92 | D:2      | Reached XP level 2. HP: 26/26 MP: 1/7
    96 | D:2      | Learned a level 2 spell: Song of Slaying
    99 | D:2      | Learned a level 2 spell: Shroud of Golubria
   162 | D:2      | Quit the game

Action                   || total
-------------------------++-------
Melee: Hand axe          ||    25
       Bite              ||     2
 Cast: Infusion          ||     3
       Song of Slaying   ||     1
Armor: Leather armour    ||     4
Dodge: Dodged            ||    12

Table legend:
 A = Turns spent in this place as a percentage of turns spent in the entire game.
 B = Non-inter-level travel turns spent in this place as a percentage of non-inter-level travel turns spent in the entire game.
 C = Inter-level travel turns spent in this place as a percentage of turns spent in this place.
 D = Turns resting spent in this place as a percentage of non-inter-level travel turns spent in this place.
 E = Turns spent auto-exploring this place as a percentage of non-inter-level travel turns spent in this place.
 F = Non-inter-level travel turns spent in this place divided by the number of levels of this place that you've seen.
                   A       B       C       D       E      F
               +-------+-------+-------+-------+-------+----------------------
         Total | 100.0 | 100.0 |   0.0 |   0.0 |   0.0 |  54.0
       Dungeon | 100.0 | 100.0 |   0.0 |   0.0 |   0.0 |  54.0
               +-------+-------+-------+-------+-------+----------------------

Table legend:
 A = Kills in this place as a percentage of kills in entire the game.
 B = Kills by you in this place as a percentage of kills by you in the entire game.
 C = Kills by friends in this place as a percentage of kills by friends in the entire game.
 D = Other kills in this place as a percentage of other kills in the entire game.
 E = Experience gained in this place as a percentage of experience gained in the entire game.
 F = Experience gained in this place divided by the number of levels of this place that you have seen.
                   A       B       C       D       E      F
               +-------+-------+-------+-------+-------+----------------------
         Total | 100.0 | 100.0 |   N/A |   N/A | 100.0 |   7.0
       Dungeon | 100.0 | 100.0 |   N/A |   N/A | 100.0 |   7.0
               +-------+-------+-------+-------+-------+----------------------

Vault maps used:
D:1:      dpeg_arrival_simpleton_a
D:2:      nemelex_xobeh_ov_fountains_minmay, first_ration, roderic_malta_cross,
          minmay_tetromino_l2
D:3:      tgw_fedhas, elyvilon_altar_3
